 Dungeon Crawl Stone Soup version 0.32-a0-900-g30fb1b0edc (webtiles) character file.

Game seed: 4850788554691410975

60893 SirFunk the Fighter (level 14, -3/132 HPs)
             Began as a Mountain Dwarf Fire Elementalist on Apr 6, 2024.
             Was a High Priest of Vehumet.
             Slain by an entropy weaver (4 damage)
             ... on level 13 of the Dungeon.
             The game lasted 01:28:31 (23927 turns).

SirFunk the Fighter (MDFE)                         Turns: 23927, Time: 01:28:32

Health: -3/132     AC: -1    Str: 20    XL:     14   Next: 58%
Magic:  9/24       EV: 13    Int: 15    God:    Vehumet [*****.]
Gold:   812        SH:  0    Dex: 15    Spells: 6/27 levels left

rFire   + . .        a - +0 dire flail (heavy)
rCold   x . .        (shield currently unavailable)
rNeg    . . .        q - +3 leather armour of Happiness {rElec Regen+ Str+3 Dex+2}
rPois   +            B - +1 helmet "Woav" {Harm SInv}
rElec   +            P - +1 cloak {rPois}
rCorr   .            N - +1 pair of gloves {Dex+3}
SInv    +            (no boots)
Will    +....        v - amulet of regeneration
Stlth   ++           E - ring of fire
HPRegen 2.02/turn    f - +4 ring of protection
MPRegen 0.19/turn

%: harm (+30% outgoing, +20% incoming)
@: corroded
A: runic magic, artefact enchanting
a: Renounce Religion


You were on level 13 of the Dungeon.
You worshipped Vehumet.
Vehumet was extremely pleased with you.
You visited 3 branches of the dungeon, and saw 19 of its levels.
You also visited: Gauntlet.

You collected 1410 gold pieces.
You spent 598 gold pieces at shops.

Inventory:

Hand Weapons
 a - a +0 heavy dire flail (weapon)
 b - the +9 falchion of Impermanence {flame, rPois rCorr Int-3 SInv}
   (You found it on level 11 of the Dungeon)

   Int-3:     It affects your intelligence (-3).
   rPois:     It protects you from poison.
   SInv:      It lets you see invisible.
   rCorr:     It protects you from acid and corrosion.
 M - a +3 scimitar of flaming
Missiles
 O - 3 throwing nets
Armour
 q - the +3 leather armour of Happiness (worn) {rElec Regen+ Str+3 Dex+2}
   (You bought it in a shop on level 2 of the Dungeon)

   Str+3:     It affects your strength (+3).
   Dex+2:     It affects your dexterity (+2).
   rElec:     It insulates you from electricity.
   Regen+:    It increases your rate of health regeneration.
 B - the +1 helmet "Woav" (worn) {Harm SInv}
   (You bought it in a shop on level 2 of the Dungeon)

   SInv:      It lets you see invisible.
   Harm:      It increases damage dealt and taken.
 D - a +0 kite shield
 N - a +1 pair of gloves of dexterity (worn)
 P - a +1 cloak of poison resistance (worn)
Jewellery
 d - an amulet of the acrobat
 f - a +4 ring of protection (right hand)
 k - the ring of Activism {rC+ Int+2 Dex+6}
   (You found it on level 9 of the Dungeon)

   [ring of dexterity]

   Int+2:     It affects your intelligence (+2).
   Dex+6:     It affects your dexterity (+6).
   rC+:       It protects you from cold.
 l - a ring of fire
 r - a ring of wizardry
 s - a +5 ring of evasion
 v - an amulet of regeneration (around neck)
 y - a ring of protection from fire
 E - a ring of fire (left hand)
 H - a ring of willpower
 L - a ring of positive energy
 S - a ring of resist corrosion
 T - a +6 ring of intelligence
 V - a ring of flight
Wands
 g - a wand of digging (17)
 t - a wand of flame (47)
 K - a wand of polymorph (12)
 Q - a wand of roots (12)
 R - a wand of charming (11)
Scrolls
 e - 4 scrolls of fear
 h - 5 scrolls of amnesia
 n - 6 scrolls of fog
 p - 11 scrolls of teleportation
 x - 4 scrolls of summoning
 A - a scroll of identify
 F - 2 scrolls of blinking
 I - a scroll of enchant weapon
 X - a scroll of revelation
 Z - 2 scrolls of enchant armour
Potions
 c - 2 potions of ambrosia
 i - 3 potions of heal wounds
 j - 3 potions of lignification
 m - 6 potions of enlightenment
 o - 4 potions of curing
 u - 2 potions of resistance
 w - a potion of magic
 z - a potion of berserk rage
 C - a potion of haste
 G - a potion of mutation
 J - a potion of invisibility
 U - 6 potions of brilliance
 W - 3 potions of might
 Y - 3 potions of attraction


   Skills:
 - Level 14.0 Fighting
 - Level 1.0(9.0) Axes
 - Level 13.9(14.0) Maces & Flails
 - Level 8.0 Armour
 + Level 6.2 Dodging
 - Level 1.4 Stealth
 - Level 7.0 Spellcasting
 - Level 4.0 Conjurations
 + Level 14.0 Fire Magic
 - Level 6.0 Air Magic
 - Level 0.2 Evocations


You had 6 spell levels left.
You knew the following spells:

 Your Spells              Type           Power      Damage    Failure   Level
a - Foxfire               Conj/Fire      100%       2x1d9     1%          1
b - Scorch                Fire           100%       2d9       1%          2
c - Volatile Blastmotes   Fire/Tloc      78%        2d16      1%          3
d - Flame Wave            Conj/Fire      48%        2d12      1%          4
e - Plasma Beam           Fire/Air       26%        2x1d38    10%         6
f - Fireball              Conj/Fire      24%        3d11      2%          5

Your spell library contained the following spells:

 Spells                   Type           Power      Damage    Failure   Level
 Spellforged Servitor     Conj/Summ      5%         N/A       100%        7
 Magic Dart               Conj           68%        1d6       1%          1
 Shock                    Conj/Air       80%        1d8       1%          1
 Mercury Vapours          Alch/Air       28%        N/A       1%          2
 Searing Ray              Conj           34%        2d5       1%          2
 Inner Flame              Hex/Fire       39%        N/A       1%          3
 Sticky Flame             Fire/Alch      39%        2d8       2%          4
 Mephitic Cloud           Conj/Alch/Air  15%        N/A       3%          3
 Swiftness                Air            23%        N/A       3%          3
 Airstrike                Air            11%        2d(2-18)  3%          4
 Hailstorm                Conj/Ice       11%        3d6       5%          3
 Cigotuvi's Dreadful Rot  Necr/Alch/Air  22%        N/A       9%          2
 Arcjolt                  Conj/Air       10%        1d20      13%         5
 Slow                     Hex            20%        N/A       14%         1
 Fulminant Prism          Conj/Alch      5%         3d7       16%         4
 Call Imp                 Summ           10%        N/A       21%         2
 Ensorcelled Hibernation  Hex/Ice        10%        N/A       21%         2
 Lesser Beckoning         Tloc           10%        N/A       21%         2
 Sublimation of Blood     Necr           5%         N/A       21%         2
 Freezing Cloud           Conj/Ice/Air   7%         6-21      24%         5
 Vhi's Electric Charge    Tloc/Air       28%        N/A       36%         4
 Confusing Touch          Hex            5%         N/A       38%         3
 Maxwell's Portable Pile  Tloc           5%         2d(5-15)  38%         3
 Passwall                 Erth           5%         N/A       38%         3
 Summon Ice Beast         Ice/Summ       5%         N/A       38%         3
 Teleport Other           Tloc           5%         N/A       38%         3
 Vampiric Draining        Necr           5%         2d6       38%         3
 Dispel Undead            Necr           5%         3d7       80%         4
 Martyr's Knell           Necr/Summ      5%         N/A       80%         4
 Permafrost Eruption      Ice/Erth       2%         2x4d2     99%         6
 Sculpt Simulacrum        Ice/Alch       2%         N/A       100%        6
 Summon Hydra             Summ           2%         N/A       100%        7
 Maxwell's Capacitive Co  Air            11%        ∞         100%        8


Dungeon Overview and Level Annotations

Branches:
Dungeon (13/15)            Temple (1/1) D:7            Lair (5/5) D:10
  Swamp (0/4) Lair:2        Snake (0/4) Lair:3        Slime (0/5) Lair:5
    Orc (0/2) D:9         Gauntlet (visited)
 Vaults: D:13-14

Altars:
Ashenzari
Cheibriados
Dithmenos
Elyvilon
Fedhas
Gozag
Hepliaklqana
Kikubaaqudgha
Makhleb
Nemelex Xobeh
Okawaru
Qazlal
Ru
Sif Muna
Trog
Uskayaw
Vehumet
Wu Jian
Xom
Yredelemnul
Zin
The Shining One
Jiyva

Shops:
D:2 [   D:8 !   D:12 [

Portals:
Abyss: D:3

Annotations:
D:3 2 transporters, NotBatman's ghost, amateur MiBe
D:11 2 transporters, exclusion: obsidian statue
Lair:4 2 transporters, avangion's ghost, journeyman CoHu


Innate Abilities, Weirdness & Mutations

Your spellcasting is much less encumbered by armour.
You can use scrolls of enchantment on lesser artefacts.


Message History

Sparks fly from your hands. You resist.
Unknown command.
Casting: Plasma Beam (dangerous; 10% risk of failure)
Confirm with . or Enter, or press ? or * to list all spells.
You feel a surge of power!
Flames lash the entropy weaver.
The entropy weaver is moderately wounded.
The entropy weaver's fire resistance burns away.
The entropy weaver casts a spell at you.
The entropic weave corrodes you!
The vault guard throws a stone.
The stone barely misses you.
The entropy weaver is no longer more vulnerable to fire.
The entropy weaver attacks as it pursues you!
The entropy weaver completely misses you.
The entropy weaver hits you! x3
The entropy weaver attacks as it pursues you!
The entropy weaver barely misses you. The entropy weaver hits you.
The entropy weaver barely misses you. The entropy weaver closely misses you.
The entropy weaver attacks as it pursues you!
The entropy weaver hits you! The entropy weaver hits you. x2
The entropy weaver hits you but does no damage.
The entropy weaver hits you! x2; The entropy weaver hits you.
The entropy weaver closely misses you.
Your magical contamination has completely faded away.
The entropy weaver gestures at you while chanting.
The entropic weave corrodes you!
The entropy weaver gestures at you while chanting.
The entropic weave corrodes you!
The entropy weaver points at you and mumbles some strange words.
The entropic weave corrodes you!
The entropy weaver attacks as it pursues you!
The entropy weaver barely misses you. x2; The entropy weaver hits you! x2
The entropy weaver attacks as it pursues you!
The entropy weaver hits you!
* * * LOW HITPOINT WARNING * * *
The entropy weaver hits you!
* * * LOW HITPOINT WARNING * * *
The entropy weaver hits you!
* * * LOW HITPOINT WARNING * * *
The entropy weaver hits you.
You die...

#.... ###
##...#
...#####....#
#.....(.....#
##.........
##..)###..
##########.).##
###
##.....#......#
#
#..@....)....##
#.B########.##
#.## ### #.#
#.# ## #.# ..
#.# .. #.#####
#. #.....#####
##


You could see an entropy weaver.

Vanquished Creatures
  Josephine (D:13)
  3 centaur warriors
  A catoblepas (Lair:3)
  4 hydras
  Erica (D:7)
  3 boulder beetles
  2 tengu warriors (D:13)
  2 two-headed ogres
  Nergalle (Lair:3)
  A skyshark (Lair:2)
  5 skeletal warriors (D:13)
  2 lindwurms (Lair:4)
  A deep elf pyromancer (D:13)
  A wolf spider (Lair:5)
  A cyclops (D:11)
  2 ugly things
  A manticore (D:11)
  3 elephants (Lair:1)
  A guardian serpent (Lair:5)
  14 black mambas
  A torpor snail (Lair:3)
  2 gargoyles
  14 cane toads
  A centaur skeleton (D:8)
  A centaur zombie (D:8)
  An unseen horror (D:12)
  3 rime drakes
  11 komodo dragons
  A hellwing (D:8)
  A polar bear (Lair:4)
  A troll (D:10)
  3 hornets (Lair:5)
  5 blink frogs
  A meliai zombie (D:8)
  Sigmund (D:4)
  A vampire (D:12)
  A shadow (D:11)
  5 wraiths
  18 wyverns
  63 yaks
  4 basilisks
  A warg (D:10)
  8 steam dragons
  3 redbacks (Lair:5)
  4 vampire mosquitoes (D:13)
  Edmund (D:4)
  3 nagas (Lair:3)
  24 water moccasins
  3 acid dragons
  9 orc warriors
  3 ice beasts
  A sky beast (D:8)
  An ogre (D:7)
  A black bear (D:5)
  15 wolves
  12 centaurs
  A phantom (D:5)
  4 kobold brigands
  11 bullfrogs
  5 gnoll sergeants
  4 scorpions
  8 wights
  17 killer bees
  An oklob sapling (D:7)
  6 howler monkeys
  A bombardier beetle (D:5)
  2 jellies
  A gnoll bouda (D:9)
  2 hounds (D:5)
  6 orc priests
  2 sleepcaps (D:7)
  A boggart zombie (D:8)
  2 iguanas (D:5)
  19 orc wizards
  6 gnolls
  5 adders
  5 shadow imps
  2 white imps
  3 ribbon worms
  2 dart slugs
  37 orcs
  5 ball pythons
  16 bats
  4 endoplasms
  2 giant cockroaches
  4 goblins
  A hobgoblin (D:1)
  2 jackals (D:1)
  A quokka (D:3)
  2 frilled lizards
  12 kobolds
  4 rats
  A butterfly (Lair:2)
485 creatures vanquished.

Vanquished Creatures (collateral kills)
  5 foxfires (Lair:5)
5 creatures vanquished.

Vanquished Creatures (others)
  A centaur simulacrum (D:11)
  An orc priest (D:7)
  823 foxfires
825 creatures vanquished.

Grand Total: 1315 creatures vanquished

Notes
Turn   | Place    | Note
-------+----------+-------------------------------------------
     0 | D:1      | SirFunk the Mountain Dwarf Fire Elementalist began the
                  | quest for the Orb.
     0 | D:1      | Reached XP level 1. HP: 14/14 MP: 3/3
   327 | D:1      | Reached skill level 1 in Conjurations
   327 | D:1      | Reached XP level 2. HP: 19/20 MP: 0/5
   330 | D:1      | Learned a level 2 spell: Scorch
   960 | D:2      | Found Utue's Antique Armour Shoppe.
  1047 | D:2      | Reached XP level 3. HP: 14/26 MP: 1/6
  1614 | D:2      | Bought a brightly glowing leather armour for 112 gold
                  | pieces
  1614 | D:2      | Identified the +3 leather armour of Happiness {rElec Regen+
                  | Str+3 Dex+2} (You bought it in a shop on level 2 of the
                  | Dungeon)
  1688 | D:3      | Found a transporter.
  1706 | D:3      | Noticed NotBatman's ghost (amateur MiBe)
  1707 | D:3      | Noticed a small abomination
  1847 | D:3      | Reached skill level 5 in Fire Magic
  2093 | D:3      | Reached XP level 4. HP: 33/33 MP: 3/7
  2567 | D:3      | Noticed a kobold brigand
  2576 | D:3      | Found a transporter.
  2578 | D:3      | Found a one-way gate to the infinite horrors of the Abyss.
  2594 | D:3      | Noticed a small abomination
  2734 | D:4      | Noticed Sigmund
  2742 | D:4      | Killed Sigmund
  2743 | D:4      | Reached skill level 1 in Armour
  2743 | D:4      | Reached XP level 5. HP: 28/38 MP: 6/9
  2852 | D:4      | Noticed Edmund
  3159 | D:4      | Reached XP level 6. HP: 45/45 MP: 6/11
  3354 | D:4      | Killed Edmund
  3434 | D:3      | Reached skill level 1 in Axes
  3585 | D:3      | Reached XP level 7. HP: 51/51 MP: 7/13
  3959 | D:5      | Entered Level 5 of the Dungeon
  4067 | D:2      | Bought a translucent helmet for 152 gold pieces
  4067 | D:2      | Identified the +1 helmet "Woav" {Harm SInv} (You bought it
                  | in a shop on level 2 of the Dungeon)
  4292 | D:5      | Reached skill level 1 in Maces & Flails
  4531 | D:5      | Reached XP level 8. HP: 58/58 MP: 7/15
  4535 | D:5      | Learned a level 3 spell: Volatile Blastmotes
  4540 | D:5      | Learned a level 4 spell: Flame Wave
  4669 | D:5      | Found a glowing golden altar of the Shining One.
  4810 | D:5      | Reached skill level 1 in Fighting
  5183 | D:6      | Reached skill level 5 in Spellcasting
  5697 | D:7      | Reached skill level 5 in Maces & Flails
  6098 | D:7      | Reached skill level 5 in Fighting
  6322 | D:7      | Found a staircase to the Ecumenical Temple.
  6336 | D:7      | Reached XP level 9. HP: 59/74 MP: 9/16
  6471 | Temple   | Entered the Ecumenical Temple
  6482 | Temple   | Became a worshipper of Vehumet
  7063 | D:8      | Noticed a cyclops
  7064 | D:8      | Noticed a manticore
  7065 | D:8      | Noticed a two-headed ogre
  7065 | D:8      | Noticed a cyclops
  7066 | D:8      | Noticed a manticore
  7066 | D:8      | Noticed a cyclops
  7157 | D:8      | Noticed a two-headed ogre
  7165 | D:8      | Killed a two-headed ogre
  7271 | D:8      | Noticed Erica
  7286 | D:7      | Reached * piety under Vehumet
  7286 | D:7      | Offered knowledge of Magic Dart by Vehumet.
  7299 | D:7      | Killed Erica
  7300 | D:7      | Reached XP level 10. HP: 43/90 MP: 2/17
  7423 | D:8      | Learned a level 6 spell: Plasma Beam
  7448 | D:8      | Reached skill level 10 in Maces & Flails
  7464 | D:8      | Reached skill level 1 in Air Magic
  7594 | D:8      | Found Hismu's Distillery.
  7830 | D:2      | Bought an embroidered cloak for 120 gold pieces
  8019 | D:8      | Noticed a brown ugly thing
  8052 | D:8      | Noticed a centaur warrior
  8064 | D:8      | Killed a centaur warrior
  8902 | D:9      | Offered knowledge of Shock by Vehumet.
  8903 | D:9      | Reached XP level 11. HP: 62/99 MP: 8/18
  8906 | D:9      | Reached ** piety under Vehumet
  9000 | D:9      | Reached skill level 10 in Fighting
  9457 | D:9      | Identified the ring of Activism {rC+ Int+2 Dex+6}
  9927 | D:9      | Reached skill level 10 in Fire Magic
  9933 | D:9      | Offered knowledge of Stone Arrow by Vehumet.
 10598 | D:9      | Reached *** piety under Vehumet
 10620 | D:9      | Found a staircase to the Orcish Mines.
 10782 | D:10     | Entered Level 10 of the Dungeon
 11098 | D:10     | Found a staircase to the Lair.
 11240 | D:10     | Offered knowledge of Airstrike by Vehumet.
 11378 | D:10     | Identified the +3 robe of Paqoune {rN+ Will+ Dex+3}
 11539 | Lair:1   | Entered Level 1 of the Lair of Beasts
 11711 | Lair:1   | Reached skill level 5 in Air Magic
 11935 | Lair:1   | Reached **** piety under Vehumet
 12093 | Lair:1   | Reached XP level 12. HP: 80/112 MP: 10/19
 12491 | Lair:1   | Offered knowledge of Fireball by Vehumet.
 12499 | Lair:1   | Learned a level 5 spell: Fireball
 12814 | Lair:2   | Found a staircase to the Swamp.
 13053 | Lair:2   | Found a gate leading to a gauntlet.
 13083 | Gauntlet | Entered a Gauntlet
 13083 | Gauntlet | Found a transporter.
 13086 | Gauntlet | Found a transporter.
 13092 | Gauntlet | Found a transporter.
 13096 | Gauntlet | Found a transporter.
 13097 | Gauntlet | Found a transporter.
 13098 | Gauntlet | Found a transporter.
 13101 | Gauntlet | Noticed a great orb of eyes
 13108 | Gauntlet | Found a transporter.
 13113 | Gauntlet | Found a transporter.
 13162 | Gauntlet | Found a transporter.
 13162 | Gauntlet | Noticed a green death
 13170 | Gauntlet | Found a transporter.
 13175 | Gauntlet | Found a transporter.
 13175 | Gauntlet | Noticed a death yak
 13176 | Gauntlet | Noticed a death yak
 13177 | Gauntlet | Noticed a death yak
 13178 | Gauntlet | Noticed a death yak
 13178 | Gauntlet | Noticed a death yak
 13183 | Gauntlet | Found a transporter.
 13676 | Lair:2   | Noticed a boulder beetle
 13698 | Lair:2   | Killed a boulder beetle
 14044 | Lair:3   | Noticed Nergalle
 14056 | Lair:3   | Killed Nergalle
 14469 | Lair:3   | Reached XP level 13. HP: 122/122 MP: 15/21
 14510 | Lair:3   | Found a staircase to the Snake Pit.
 16014 | Lair:3   | Reached skill level 5 in Armour
 16330 | Lair:4   | Noticed avangion's ghost (journeyman CoHu)
 16646 | Lair:4   | Reached ***** piety under Vehumet
 16855 | Lair:4   | Offered knowledge of Ozocubu's Refrigeration by Vehumet.
 17203 | Lair:4   | Found a transporter.
 17213 | Lair:4   | Found a transporter.
 17608 | Lair:4   | Found a bloodstained altar of Trog.
 18130 | Lair:5   | Entered Level 5 of the Lair of Beasts
 18776 | Lair:5   | Found a staircase to the Slime Pits.
 18776 | Lair:5   | Found a viscous altar of Jiyva.
 19319 | Lair:5   | Reached XP level 14. HP: 95/132 MP: 13/24
 19572 | Lair:5   | Identified the +3 hand axe of Dim Light {pain, *Noise Fly
                  | rElec rN++}
 20539 | D:10     | Found a blossoming altar of Fedhas.
 21010 | D:11     | Identified the +9 falchion of Impermanence {flame, rPois
                  | rCorr Int-3 SInv}
 21089 | D:11     | Found a transporter.
 21098 | D:11     | Offered knowledge of Spellforged Servitor by Vehumet.
 21418 | D:11     | Found a transporter.
 21900 | D:12     | Identified the +1 ring mail of Entitlement {rPois Str+3
                  | Int-2 Dex+3}
 22009 | D:12     | Found Focio's Armour Shoppe.
 22012 | D:12     | Bought a +1 pair of gloves of dexterity for 214 gold pieces
 22308 | D:12     | Found a snail-covered altar of Cheibriados.
 22312 | D:12     | Reached skill level 5 in Dodging
 22893 | D:13     | Noticed Josephine
 22907 | D:13     | Killed Josephine
 23927 | D:13     | HP: 1/132 [entropy weaver (19)]
 23927 | D:13     | Slain by an entropy weaver

Illustrated notes

Levels and vault maps discovered:
D:1:      lemuel_arrival_hallway, layout_loops_ring
D:2:      layout_rooms, serial_shops, nicolae_shop_just_a_little_nook
D:3:      layout_loops_corners, gammafunk_ghost_abyssal_escape
D:4:      layout_basic, kennysheep_windowed_goal, uniq_sigmund, uniq_edmund
D:5:      layout_cave_pools, nicolae_tso_swordbearing_angel
D:6:      layout_basic
D:7:      layout_basic, minmay_temple_entry_oklob, roderic_batcave
D:8:      cheibrodos_grave_circle, layout_basic, serial_shops,
          nicolae_shop_window_shopping, minmay_misc_feat_tiny, minivault_12,
          uniq_erica
D:9:      layout_irregular_city, david_orc_4, kennysheep_diamond,
          kennysheep_kite_vault
D:10:     layout_loops_corners, fedhas_altar_fruit_tree,
          erik_lair_orcish_takeover, minmay_alternating_orb
D:11:     gammafunk_sealed_arena, layout_stronghold
D:12:     layout_long_grid, serial_shops, kennysheep_mini_moat, slow_altar_1
D:13:     layout_layer_cave, hellmonk_vaults_order_and_chaos, uniq_josephine
Temple:   nicolae_temple_bog_church
Lair:1:   layout_long_grid, st_stairs_9
Lair:2:   layout_hall_layers, swamp_mist, gauntlet_entry_generic, wad_woods_06,
          grunt_megastairs_4, serial_bayou_shore_b, lemuel_fruit_fields
Lair:3:   layout_cave_pods, guppyfry_snake_entry_garden, grunt_megastairs_1,
          uniq_nergalle
Lair:4:   layout_small_grid, gammafunk_ghost_wrathful_warriors,
          chequers_serial_rivers_marsh, grunt_megastairs_3, lemuel_fruit_fields
Lair:5:   wormcave, layout_layer_cave, hangedman_lair_tendril_chambers,
          slime_entry_1, chequers_serial_rivers_room_b, st_stairs_6,
          lemuel_fruit_tree

Skill      XL: |  1  2  3  4  5  6  7  8  9 10 11 12 13 14 |
---------------+-------------------------------------------+-----
Spellcasting   | 2 3 4 5 7 |  7.0
Conjurations   | 1 2 3 4 |  4.0
Fire Magic     | 4 5 6 7 8 9 10 11 12 14 | 14.0
Armour         | 1 4 8 |  8.0
Axes           | 1 |  1.0
Maces & Flails | 3 6 9 11 13 | 13.9
Fighting       | 5 8 9 11 13 14 | 14.0
Air Magic      | 3 5 6 |  6.0
Dodging        | 3 6 |  6.2
Stealth        | |  1.4
Evocations     | |  0.2

Action                     |  1- 3 |  4- 6 |  7- 9 | 10-12 | 13-15 || total
---------------------------+-------+-------+-------+-------+-------++-------
  Melee: Unarmed           |    10 |       |     4 |       |       ||    14
         War axe           |       |    22 |     8 |       |       ||    30
         Dire flail        |       |       |    55 |   272 |   277 ||   604
   Cast: Foxfire           |    62 |    19 |    96 |   223 |    96 ||   496
         Scorch            |       |    32 |    49 |   133 |   157 ||   371
         Volatile Blastmot |       |       |    13 |    54 |    17 ||    84
         Plasma Beam       |       |       |       |    11 |    21 ||    32
         Fireball          |       |       |       |     2 |    13 ||    15
         Flame Wave        |       |       |       |       |     2 ||     2
  Evoke: Wand              |       |     3 |       |       |       ||     3
    Use: Potion            |       |     5 |     4 |       |     1 ||    10
         Scroll            |       |       |       |    16 |     6 ||    22
 Armour: Robe              |    19 |       |       |       |       ||    19
         Leather armour    |       |    42 |    81 |   339 |   377 ||   839
         Skin              |       |       |     1 |       |       ||     1
  Dodge: Dodged            |    49 |    39 |    74 |   265 |   239 ||   666

Table legend: (Time is in decaauts)
 A = Elapsed time spent in this place.
 B = Non-inter-level travel time spent in this place.
 C = Inter-level travel time spent in this place.
 D = Time resting spent in this place.
 E = Time spent auto-exploring this place.
 F = Levels seen in this place.
 G = Mean time per level.
                   A        B        C        D        E       F      G
               +--------+--------+--------+--------+--------+-----+--------+
         Total |  23805 |  22628 |   1177 |   6415 |  10008 |  20 | 1190.2 |
       Dungeon |  15236 |  14366 |    870 |   3722 |   6203 |  13 | 1172.0 |
        Temple |     18 |      9 |      9 |      0 |      0 |   1 |   18.0 |
          Lair |   8436 |   8138 |    298 |   2693 |   3805 |   5 | 1687.2 |
      Gauntlet |    113 |    113 |      0 |      0 |      0 |   1 |  113.0 |
               +--------+--------+--------+--------+--------+-----+--------+

Top non-repeatable levels by time:
  Lair:3: 2322 daAuts
  Lair:5: 1949 daAuts
     D:9: 1804 daAuts
  Lair:4: 1762 daAuts
     D:8: 1494 daAuts
     D:7: 1492 daAuts
    D:10: 1456 daAuts
     D:3: 1453 daAuts
  Lair:1: 1286 daAuts
     D:4: 1152 daAuts
  Lair:2: 1115 daAuts
    D:13: 1066 daAuts
    D:12: 991 daAuts
    D:11: 961 daAuts
     D:1: 896 daAuts
